Map: Ephemeron LE

Players

Taldan

  • Race: Protoss Protoss
  • Spawn Location: 11:00

AGiantSmurf - Winner!

  • Race: Protoss Protoss
  • League: Master
  • Spawn Location: 5:00

Event: Cheeseadelphia XI, Cheeseadelphia XI

VOD

Have the link to the VOD?

Description

Time

  • Played on: Dec. 14, 2019, 10:05 a.m.
  • Length: 6:06

All games in this series

Show
View Real Time Build Order
Export as new Build Order

Taldan Protoss 

Build Orders:  

Get SALT Encoding   

  12  0:00  Probe  
  13  0:12  Probe  
  14  0:17  Pylon  
  14  0:24  Probe  
  15  0:35  Forge  
  15  0:39  Probe  
  16  0:54  Pylon  
  16  1:03  Pylon  
  16  1:21  Gateway  
  16  1:24  Pylon  
  15  1:33  Photon Cannon  
  15  1:37  Photon Cannon  
  15  1:54  Probe  
  15  2:06  Zealot (Chrono Boost)  
  15  2:09  Photon Cannon  
  15  2:10  Pylon  
  17  2:17  Pylon  
  17  2:18  Photon Cannon  
  17  2:23  Photon Cannon  
  17  2:28  Probe  
  19  2:40  Probe  
  19  2:43  Cybernetics Core  
  16  2:51  Assimilator  
  16  2:52  Probe (Chrono Boost)  
  16  2:53  Assimilator  
  17  3:01  Probe (Chrono Boost)  
  17  3:02  Gateway  
  17  3:03  Gateway  
  18  3:11  Pylon  
  18  3:16  Probe (Chrono Boost)  
  19  3:29  Warp Gate  
  19  3:33  Probe  
  19  3:38  Gateway  
  20  3:47  Photon Cannon  
  20  4:00  Stalker (Chrono Boost)  
  22  4:18  Stalker (Chrono Boost)  
  24  4:30  Probe  
  23  4:43  Probe  
  24  4:52  Robotics Facility  
  24  4:55  Probe  
  25  5:05  Stalker  
  27  5:07  Probe  
  28  5:19  Probe  
  29  5:28  Stalker  
  31  5:41  Pylon  
Show
View Real Time Build Order
Export as new Build Order

AGiantSmurf Protoss - Winner!

Build Orders:  

Get SALT Encoding   

  12  0:00  Probe  
  13  0:13  Probe  
  14  0:18  Pylon  
  14  0:25  Probe (Chrono Boost)  
  15  0:37  Probe (Chrono Boost)  
  15  0:38  Gateway  
  16  0:45  Probe (Chrono Boost)  
  16  0:47  Assimilator  
  17  0:51  Probe  
  18  1:03  Probe  
  19  1:20  Pylon  
  19  1:26  Zealot (Chrono Boost)  
  21  1:48  Probe  
  22  1:56  Assimilator  
  22  1:57  Cybernetics Core  
  22  2:01  Zealot (Chrono Boost)  
  22  2:08  Probe  
  25  2:20  Probe  
  26  2:33  Warp Gate  
  26  2:37  Shield Battery  
  26  2:43  Probe  
  25  2:55  Probe  
  26  3:03  Pylon  
  26  3:05  Adept  
  28  3:07  Probe  
  29  3:16  Robotics Facility  
  29  3:18  Gateway  
  29  3:19  Probe  
  30  3:31  Probe  
  31  3:35  Pylon  
  31  3:48  Nexus  
  31  3:55  Probe  
  32  4:09  Immortal (Chrono Boost)  
  32  4:10  Probe  
  35  4:24  Probe  
  35  4:27  Robotics Bay  
  36  4:37  Forge  
  35  4:39  Shield Battery  
  34  4:48  Immortal (Chrono Boost)  
  38  4:53  Probe  
  39  5:04  Probe  
  40  5:12  Shield Battery  
  40  5:18  Pylon, Warp Prism (Chrono Boost)  
  40  5:27  Probe, Shield Battery  
  43  5:31  Probe  
  44  5:46  Photon Cannon  
  44  5:48  Sentry  
  44  5:49  Sentry  
Tags
 
Add a new tag
Caveats
  • Supply blocks, unpowered buildings, or Contaminate may cause inaccurate times.
  • Supply counts are checked every 10 seconds.